 Dungeon Crawl Stone Soup version 0.30-a0-125-g51eefa89be (webtiles) character file.

Game seed: 15668478373936097743

1725 Pooter the Cleaver (level 8, -3/73 HPs)
             Began as a Minotaur Monk on Sept 18, 2022.
             Was a Priest of Okawaru.
             Slain by Duvessa
             ... wielding a +5 short sword of freezing
              (11 damage)
             ... on level 7 of the Dungeon.
             The game lasted 00:32:02 (6579 turns).

Pooter the Cleaver (Minotaur Monk)                  Turns: 6579, Time: 00:32:03

Health: -3/73      AC:  9    Str: 17    XL:     8   Next: 75%
Magic:  6/8        EV: 10    Int:  7    God:    Okawaru [***...]
Gold:   323        SH:  0    Dex: 14    Spells: 7/7 levels left

rFire   . . .      SeeInvis .    a - +0 war axe
rCold   . . .      Faith    .    (no shield)
rNeg    . . .      Spirit   .    s - +0 chain mail
rPois   +          Reflect  .    (helmet restricted)
rElec   .          Harm     .    (no cloak)
rCorr   .          Rampage  .    (no gloves)
Will    .....                    (no boots)
Stlth   +.........               (no amulet)
HPRegen 0.22/turn                P - ring of poison resistance
MPRegen 0.11/turn                (no ring)

@: heroic
A: horns 2, retaliatory headbutt
a: Renounce Religion, Heroism


You were on level 7 of the Dungeon.
You worshipped Okawaru.
Okawaru was most pleased with you.
You visited 2 branches of the dungeon, and saw 8 of its levels.

You collected 323 gold pieces.

Inventory:

Hand Weapons
 a - a +0 war axe (weapon)
   (You found it on level 2 of the Dungeon)
 b - a +0 shortbow
   (You found it on level 5 of the Dungeon)
 g - a +1 short sword of venom
   (You took it off a kobold on level 1 of the Dungeon)
 x - a +1 trident of pain
   (You found it on level 5 of the Dungeon)
 C - a +0 halberd
   (You took it off a gnoll on level 4 of the Dungeon)
Missiles
 i - an atropa-tipped dart
 n - 2 silver javelins
 r - 4 poisoned darts
 y - 2 boomerangs of dispersal {!f}
 A - 5 javelins
 D - a throwing net {!f}
 Q - 67 stones (quivered)
Armour
 s - a +0 chain mail (worn)
   (You found it on level 3 of the Dungeon)
 v - a +0 kite shield
   (You found it on level 6 of the Dungeon)
Jewellery
 l - an amulet of faith {!P}
   (You took it off a kobold on level 1 of the Dungeon)
 o - a ring of fire
   (You found it on level 2 of the Dungeon)
 p - a +6 ring of intelligence
   (You found it on level 2 of the Dungeon)
 P - a ring of poison resistance (left hand)
   (You found it on level 3 of the Dungeon)
Wands
 u - a wand of paralysis (7)
   (You found it on level 6 of the Dungeon)
Scrolls
 e - 2 scrolls of fog {unknown}
 m - 3 scrolls of vulnerability {!r}
 t - 5 scrolls of teleportation {@r4}
 B - a scroll of fear {unknown}
 F - a scroll of magic mapping {unknown}
Potions
 c - a potion of ambrosia
 d - a potion of berserk rage {unknown}
 f - 4 potions of curing {@q1}
 h - 3 potions of mutation {unknown}
 j - 2 potions of might {unknown}
 k - 3 potions of degeneration {!q}
 q - a potion of lignification {unknown}
 w - 4 potions of heal wounds {unknown}
 z - a potion of cancellation {unknown}
 E - 2 potions of attraction {unknown}


   Skills:
 + Level 7.3(12.3) Fighting
 * Level 9.8(14.8) Axes
 * Level 2.7(7.7) Ranged Weapons
 - Level 3.2(8.2) Dodging
 - Level 4.7(9.7) Stealth
 + Level 1.5 Invocations
 + Level 1.4 Evocations


You had 7 spell levels left.
You didn't know any spells.
Your spell library contained the following spells:

 Spells                   Type           Power      Damage    Failure   Level
 Dazzling Flash           Conj/Hex       0%         N/A       100%        3
 Iskenderun's Mystic Bla  Conj/Tloc      0%         2d3       100%        4
 Starburst                Conj/Fire      0%         6d3       100%        6


Dungeon Overview and Level Annotations

Branches:
Dungeon (7/15)             Temple (1/1) D:6

Altars:
Ashenzari
Dithmenos
Fedhas
Gozag
Kikubaaqudgha
Makhleb
Okawaru
Ru
Sif Muna
Trog
Wu Jian
Xom
Yredelemnul
The Shining One

Shops:
D:3 :   D:5 (   D:6 (   D:7 (

Annotations:
D:7 Duvessa


Innate Abilities, Weirdness & Mutations

You have a pair of horns on your head.
You reflexively headbutt those who attack you in melee.


Message History

You feel better.
Dowan gestures wildly while chanting.
Dowan blinks!
Aim: Duvessa, wielding a +5 short sword of freezing and wearing a +0 leather armour (chance to affect: 34%) Duvessa easily resists.
Dowan points at you and mumbles some strange words.
The puff of frost hits you.
Duvessa hits you with a +5 short sword of freezing.
Duvessa freezes you.
You gain the combat prowess of a mighty hero.
Okawaru will no longer gift you throwing weapons.
Dowan is no longer blind.
Duvessa hits you with a +5 short sword of freezing.
Duvessa freezes you.
You closely miss Duvessa. You hit Dowan. You barely miss Duvessa.
You headbutt Duvessa. You hit Dowan. Dowan closely misses you.
You furiously retaliate!
You headbutt Dowan!
Duvessa hits you with a +5 short sword of freezing.
Duvessa freezes you.
You slash Duvessa! Your headbutt misses Duvessa. You slash Dowan!
Dowan says, "Magic and the sword, together, will defeat you."
Dowan closely misses you.
Duvessa hits you with a +5 short sword of freezing.
* * * LOW HITPOINT WARNING * * *
Duvessa freezes you.
* * * LOW HITPOINT WARNING * * *
You hit Duvessa. You closely miss Dowan. Dowan gestures at you while chanting.
The puff of frost hits you!
* * * LOW HITPOINT WARNING * * *
Duvessa hits you with a +5 short sword of freezing.
* * * LOW HITPOINT WARNING * * *
Duvessa freezes you.
* * * LOW HITPOINT WARNING * * *
You hit Duvessa but do no damage. You hit Dowan.
You kill Dowan!
Okawaru accepts your kill.
Okawaru will now gift you throwing weapons as you gain piety.
Duvessa weeps, and shakes her weapon.
Duvessa goes berserk!
Duvessa hits you with a +5 short sword of freezing!
* * * LOW HITPOINT WARNING * * *
Duvessa freezes you.
* * * LOW HITPOINT WARNING * * *
You hit Duvessa but do no damage. Your headbutt misses Duvessa.
Duvessa hits you but does no damage.
Unknown command.
You slash Duvessa! You headbutt Duvessa, but do no damage.
Duvessa hits you with a +5 short sword of freezing!
You die...

####### #.....###
########........
......##........
.....##......##
............... # ###
### ###...).......
###.###8###8#...@e......
.................##(....
.................# ...
..##..........#### .
..##......[...##
..##...........#
..##...........#
..#######......# ..##
#......#


You could see Duvessa (berserk).

Vanquished Creatures
  Maggie (D:7)
  A steam dragon (D:6)
  A water moccasin (D:5)
  2 ogres
  2 phantoms
  A necrophage (D:5)
  A scorpion (D:5)
  Dowan (D:7)
  A jelly (D:6)
  5 hounds
  3 gnoll boudas
  Jessica (D:2)
  An iguana (D:5)
  2 orc wizards
  24 gnolls
  5 adders
  2 shadow imps
  A white imp (D:5)
  9 orcs
  5 bats
  6 endoplasms
  4 giant cockroaches
  6 goblins
  9 hobgoblins
  7 kobolds
  2 quokkas
  8 ball pythons
  3 frilled lizards (D:1)
  6 rats
120 creatures vanquished.

Notes
Turn   | Place    | Note
-------+----------+-------------------------------------------
     0 | D:1      | Pooter the Minotaur Monk began the quest for the Orb.
     0 | D:1      | Reached XP level 1. HP: 19/19 MP: 0/0
   239 | D:1      | Reached skill level 4 in Axes
   291 | D:1      | Found a faded altar of an unknown god.
   314 | D:1      | Reached XP level 2. HP: 27/27 MP: 1/1
  1137 | D:2      | Reached XP level 3. HP: 30/33 MP: 2/2
  1492 | D:2      | Noticed an ogre
  1504 | D:2      | Killed an ogre
  1505 | D:2      | Reached skill level 5 in Axes
  1505 | D:2      | Reached XP level 4. HP: 15/41 MP: 3/3
  1952 | D:2      | Reached XP level 5. HP: 45/47 MP: 4/4
  2179 | D:2      | Noticed Jessica
  2185 | D:2      | Killed Jessica
  2615 | D:3      | You fall into a shaft and drop 3 floors!
  2752 | D:6      | Found a staircase to the Ecumenical Temple.
  2763 | D:6      | Reached skill level 6 in Axes
  2775 | Temple   | Entered the Ecumenical Temple
  2932 | Temple   | Became a worshipper of Warmaster Okawaru
  2932 | Temple   | Reached * piety under Okawaru
  2932 | Temple   | Reached ** piety under Okawaru
  2999 | D:6      | Noticed a phantom
  3011 | D:5      | Entered Level 5 of the Dungeon
  3141 | D:5      | Reached skill level 5 in Fighting
  3237 | D:5      | Noticed a phantom
  3252 | D:5      | Killed a phantom
  3253 | D:5      | Reached XP level 6. HP: 54/56 MP: 2/5
  3462 | D:5      | Found a broken altar of Ashenzari.
  3561 | D:5      | Noticed a water moccasin
  3575 | D:5      | Killed a water moccasin
  3576 | D:5      | Reached skill level 7 in Axes
  3576 | D:5      | Reached XP level 7. HP: 61/61 MP: 3/6
  3856 | D:4      | Found a burning altar of Makhleb.
  4135 | D:3      | Upgraded the game from 0.30-a0-123-g91d0c66ccf to
                  | 0.30-a0-125-g51eefa89be
  4143 | D:3      | Found Xiheel's Vocational Training.
  4226 | D:3      | Found a blossoming altar of Fedhas.
  4226 | D:3      | Found a bloodstained altar of Trog.
  4599 | D:4      | Found a shimmering altar of Xom.
  4635 | D:4      | Reached skill level 8 in Axes
  5166 | D:5      | Found Ethrata's Weapon Shoppe.
  5471 | D:6      | Reached XP level 8. HP: 63/71 MP: 4/7
  5567 | D:6      | Reached skill level 9 in Axes
  5892 | D:6      | Found Haunu's Weapon Shoppe.
  5906 | D:6      | Identified the +1 robe of the Centipede {rCorr Str-2
                  | Archmagi}
  6314 | D:7      | Noticed Maggie
  6319 | D:7      | Found a glowing golden altar of the Shining One.
  6327 | D:7      | Killed Maggie
  6327 | D:7      | Reached *** piety under Okawaru
  6328 | D:7      | Reached skill level 1 in Invocations
  6328 | D:7      | Reached skill level 1 in Evocations
  6531 | D:7      | Found Moujo's Antique Weapon Shoppe.
  6567 | D:7      | Noticed Dowan
  6567 | D:7      | Noticed Duvessa
  6577 | D:7      | Killed Dowan
  6579 | D:7      | Slain by Duvessa

Illustrated notes

Levels and vault maps discovered:
D:1:      onia_arrival_handbag, layout_basic, hellmonk_ecumenical_altar_zigzags
D:2:      layout_loops_cross, uniq_jessica
D:3:      layout_loops_cross, mainiacjoe_overflow_divided_tiny,
          nicolae_shop_vocational
D:4:      layout_cave_pools, mainiacjoe_overflow_boulevard,
          mainiacjoe_overflow_tiny_flanked
D:5:      layout_basic, evilmike_ruin_ashenzari, serial_shops,
          nicolae_diamond_shop
D:6:      layout_cave_pools, minmay_temple_entry_arrows, serial_shops,
          nicolae_shop_stone
D:7:      layout_basic, mainiacjoe_overflow_chevrons,
          mainiacjoe_overflow_small_starburst, serial_corexii_hall,
          chequers_hall_statues_wall_a, corexii_hall_statues_u, serial_shops,
          shop, ebering_dispersal_statue_hall, uniq_joseph, uniq_duvessa,
          uniq_maggie
Temple:   nicolae_temple_slightly_damp_pantheon

Skill      XL: |  1  2  3  4  5  6  7  8 |
---------------+-------------------------+-----
Axes           | 4 5 6 7 8 9 |  9.8
Stealth        | 2 3 4 |  4.7
Fighting       | 4 5 6 7 |  7.3
Ranged Weapons | 2 |  2.7
Invocations    | 1 |  1.5
Evocations     | 1 |  1.4
Dodging        | |  3.2

Action                   |  1- 3 |  4- 6 |  7- 9 || total
-------------------------+-------+-------+-------++-------
Melee: Hand axe          |    21 |       |       ||    21
       Headbutt          |     9 |    15 |    27 ||    51
       Short sword       |    62 |    24 |       ||    86
       Punch             |     1 |       |     4 ||     5
       War axe           |       |    49 |   132 ||   181
 Fire: Shortbow          |       |       |    59 ||    59
Throw: Javelin           |       |     2 |       ||     2
       Stone             |       |     3 |     4 ||     7
       Dart              |       |       |     1 ||     1
Invok: Heroism           |       |     6 |    10 ||    16
Evoke: Wand              |       |       |     4 ||     4
  Use: Scroll            |     5 |       |     1 ||     6
       Potion            |       |       |     1 ||     1
 Stab: Sleeping          |     7 |     1 |       ||     8
       Paralysed         |       |       |     6 ||     6
Armor: Robe              |    12 |     3 |       ||    15
       Chain mail        |       |    22 |    55 ||    77
Dodge: Dodged            |    48 |    31 |    74 ||   153
Block: Kite shield       |       |    14 |    17 ||    31

Table legend: (Time is in decaauts)
 A = Elapsed time spent in this place.
 B = Non-inter-level travel time spent in this place.
 C = Inter-level travel time spent in this place.
 D = Time resting spent in this place.
 E = Time spent auto-exploring this place.
 F = Levels seen in this place.
 G = Mean time per level.
                   A        B        C        D        E       F      G
               +--------+--------+--------+--------+--------+-----+--------+
         Total |   6640 |   6442 |    198 |   1304 |   3577 |   8 |  830.0 |
       Dungeon |   6463 |   6278 |    185 |   1304 |   3436 |   7 |  923.3 |
        Temple |    176 |    163 |     13 |      0 |    141 |   1 |  176.0 |
               +--------+--------+--------+--------+--------+-----+--------+

Top non-repeatable levels by time:
     D:5: 1158 daAuts
     D:1: 1128 daAuts
     D:2: 1124 daAuts
     D:6: 1064 daAuts
     D:3: 822 daAuts
     D:4: 791 daAuts
     D:7: 372 daAuts
  Temple: 176 daAuts
